 Dungeon Crawl Stone Soup version 0.31.0-11-ge490571c62 (webtiles) character file.

Game seed: 8213549116883515197

904 qw the Nimble (level 7, 0/35 HPs)
             Began as a Spriggan Hunter on Feb 4, 2024.
             Was a Believer of Okawaru.
             Slain by a gnoll
             ... wielding a +0 spear
             ... led by a gnoll bouda
              (3 damage)
             ... on level 6 of the Dungeon.
             The game lasted 00:00:15 (3255 turns).

qw the Nimble (Spriggan Hunter)                     Turns: 3255, Time: 00:00:15

Health: 0/35       AC:  2    Str:  7    XL:     7   Next: 80%
Magic:  9/9        EV: 24    Int: 10    God:    Okawaru [**....]
Gold:   186        SH:  5    Dex: 21    Spells: 6/6 levels left

rFire   . . .        a - +0 shortbow (heavy)
rCold   . . .        (shield currently unavailable)
rNeg    . . .        c - +0 robe
rPois   .            (helmet restricted)
rElec   .            (no cloak)
rCorr   .            (gloves unavailable)
SInv    +            (boots unavailable)
Will    +....        o - amulet of reflection
Stlth   ++           (no ring)
HPRegen 0.25/turn    (no ring)
MPRegen 0.11/turn

%: reflection
@: about to teleport, very quick
A: very small, no large weapons, unfitting armour, see invisible, speed 3
a: Renounce Religion, Heroism


You were on level 6 of the Dungeon.
You worshipped Okawaru.
Okawaru was pleased with you.
You visited 2 branches of the dungeon, and saw 7 of its levels.

You collected 186 gold pieces.


Innate Abilities, Weirdness & Mutations

You are very small and have problems with some larger weapons.
You are too small for most types of armour.
You have supernaturally acute eyesight. (SInv)
You cover ground extremely quickly. (Speed+++)


   Skills:
 - Level 2.2 Fighting
 + Level 6.7 Ranged Weapons
 - Level 8.9 Dodging
 - Level 1.5 Stealth
 + Level 1.7 Invocations


You had 6 spell levels left.
You didn't know any spells.
Your spell library was empty.

Inventory:

Hand Weapons
 a - a +0 heavy shortbow (weapon)
Armour
 c - a +0 robe (worn)
Jewellery
 e - a ring of fire
 i - a ring of ice
 o - an amulet of reflection (around neck)
Wands
 d - a wand of paralysis (4)
 g - a wand of flame (20)
 k - a wand of polymorph (8)
Potions
 b - a potion of heal wounds {unknown}
 f - 5 potions of curing
 h - a potion of cancellation {unknown}
 j - a potion of lignification {unknown}
 m - a potion of haste {unknown}

Dungeon Overview and Level Annotations

Branches:
Dungeon (6/15)             Temple (1/1) D:4

Altars:
Ashenzari
Cheibriados
Dithmenos
Elyvilon
Gozag
Kikubaaqudgha
Makhleb
Okawaru
Qazlal
Ru
Sif Muna
Trog
Uskayaw
Vehumet
Wu Jian
Xom
Zin
The Shining One


Message History

You block the gnoll bouda's attack.
You shoot an arrow. The arrow hits the gnoll bouda.
The gnoll bouda is almost dead.
A nearby plant withers and dies.
The gnoll hits you with a +0 whip! The gnoll bouda completely misses you.
The gnoll closely misses you. The gnoll hits you with a +0 whip!
3249 ||| READING 2 scrolls of teleportation.
As you read the scroll of teleportation, it crumbles to dust.
You feel strangely unstable.
The gnoll bouda mumbles some strange prayers to its god.
The gnoll bouda is healed somewhat.
The gnoll barely misses you. The gnoll hits you with a +0 whip.
You shoot an arrow. The arrow hits the gnoll bouda!
You kill the gnoll bouda!
Okawaru accepts your kill.
Your attacks no longer feel as feeble.
A nearby plant withers and dies.
The gnoll is no longer moving quickly.
The gnoll completely misses you. The gnoll barely misses you.
You shoot an arrow. The arrow closely misses the gnoll.
The arrow hits the plant!
The plant begins to die.
The plant is lightly damaged.
Your surroundings suddenly seem different.
A sky beast comes into view.
You shoot an arrow. The arrow hits the gnoll!
The gnoll is severely wounded.
The gnoll is no longer moving quickly.
3253 ||| READING scroll of teleportation.
As you read the scroll of teleportation, it crumbles to dust.
You feel strangely unstable.
You shoot an arrow. The arrow closely misses the gnoll.
A nearby plant withers and dies.
The gnoll completely misses you. You block the gnoll's attack.
You shoot an arrow. The arrow hits the gnoll!
You kill the gnoll!
Okawaru accepts your kill. The gnoll completely misses you.
The sky beast flickers out of sight for a moment.
The sky beast misses you.
The gnoll hits you from afar with a +0 spear.
You die...

............
#...........
#.....[.....
#........<# #.........#
#.........#
###........#
#########.).........
#..@).....).?.......
#.....Y.PP....P..._..PP
##......g..............
##......########......
#.....### #......
#......# #.....(
#........ #......
......... ......


You could see a sky beast (invisible) and a gnoll.

Vanquished Creatures
  Pikel (D:4)
  An ice beast (D:5)
  2 lemures (D:5)
  2 hounds (D:5)
  A sleepcap (D:4)
  A jelly (D:5)
  A gnoll bouda (D:6)
  An orc wizard (D:5)
  Terence (D:2)
  7 gnolls
  2 adders
  2 ufetubi (D:3)
  A ribbon worm (D:4)
  2 dart slugs
  2 orcs (D:5)
  3 endoplasms
  6 giant cockroaches
  4 goblins
  9 hobgoblins
  3 jackals (D:2)
  9 kobolds
  2 quokkas
  2 ball pythons
  4 bats
  3 frilled lizards
  3 rats
75 creatures vanquished.

Notes
Turn   | Place    | Note
-------+----------+-------------------------------------------
     0 | D:1      | qw the Spriggan Hunter began the quest for the Orb.
     0 | D:1      | Reached XP level 1. HP: 10/10 MP: 2/2
     0 | D:1      | 0 ||| qw: Version: 0.3-a-160-g6735b56
     0 | D:1      | 0 ||| qw: Game counter: 4526
     0 | D:1      | 0 ||| qw: Melee chars always use a shield: true
     0 | D:1      | 0 ||| qw: God list: Okawaru
     0 | D:1      | 0 ||| qw: Allow faded altars: false
     0 | D:1      | 0 ||| qw: Do Orc after clearing Dungeon:15 true
     0 | D:1      | 0 ||| qw: Do second Lair branch before Depths: true
     0 | D:1      | 0 ||| qw: Lair rune preference: random
     0 | D:1      | 0 ||| qw: Goals: Normal
     0 | D:1      | 0 ||| PLANNING D:1-11
   145 | D:1      | Found a faded altar of an unknown god.
   194 | D:1      | Reached skill level 3 in Dodging
   252 | D:1      | Reached XP level 2. HP: 9/14 MP: 3/3
   320 | D:1      | Reached skill level 4 in Dodging
   520 | D:1      | 520 ||| READING scroll labelled GEIXEERUZI.
   521 | D:1      | 521 ||| READING scroll labelled ZUEDIKLUGUNNE.
   622 | D:1      | 622 ||| READING scroll labelled NIFUWI RIEC.
   625 | D:1      | 625 ||| READING scroll labelled OPREAWI JANUWK.
   626 | D:1      | 626 ||| READING scroll labelled KYUSATAITE.
   626 | D:1      | 626 ||| ENCHANTING +0 shortbow.
   627 | D:1      | 627 ||| READING scroll labelled MOGAMYAKENO.
   627 | D:1      | 627 ||| BRANDING +0 shortbow.
   628 | D:1      | 628 ||| DROPPING scroll of butterflies.
   698 | D:2      | Found a shadowy altar of Dithmenos.
   730 | D:2      | Reached XP level 3. HP: 18/18 MP: 4/4
   815 | D:2      | Noticed Terence
   820 | D:2      | Killed Terence
  1202 | D:2      | 1202 ||| READING 2 scrolls labelled ONOUZA EMIB.
  1202 | D:2      | 1202 ||| IDENTIFYING golden potion
  1203 | D:2      | 1203 ||| READING scroll of identify.
  1203 | D:2      | 1203 ||| IDENTIFYING orange potion
  1204 | D:2      | 1204 ||| DROPPING potion of invisibility.
  1273 | D:3      | Reached XP level 4. HP: 19/22 MP: 5/5
  1747 | D:3      | Reached skill level 5 in Dodging
  1842 | D:3      | 1842 ||| UPGRADING to amulet of regeneration.
  1847 | D:3      | 1847 ||| READING 2 scrolls labelled PYOTEN LISO.
  1848 | D:3      | 1848 ||| DROPPING scroll of amnesia.
  2008 | D:4      | Found a staircase to the Ecumenical Temple.
  2009 | D:4      | 2009 ||| PLANNING TEMPLE
  2009 | D:4      | 2009 ||| UPGRADING to amulet of reflection.
  2019 | D:4      | 2019 ||| DROPPING amulet of regeneration.
  2020 | D:4      | 2020 ||| READING scroll labelled QICLUEXOUM.
  2021 | D:4      | 2021 ||| READING scroll labelled AZABADA SAULO.
  2022 | D:4      | 2022 ||| READING scroll labelled LESHAFEO GUTSO.
  2062 | D:4      | 2062 ||| DRINKING 2 fizzy purple potions.
  2063 | D:4      | 2063 ||| DROPPING potion of degeneration.
  2069 | Temple   | Entered the Ecumenical Temple
  2070 | Temple   | 2070 ||| PLANNING OKAWARU WORSHIP
  2078 | Temple   | Became a worshipper of Warmaster Okawaru
  2079 | Temple   | 2079 ||| PLANNING D:1-11
  2105 | D:4      | 2105 ||| READING scroll of brand weapon.
  2105 | D:4      | 2105 ||| BRANDING +0 shortbow of freezing.
  2220 | D:4      | Found a burning altar of Makhleb.
  2241 | D:4      | Reached XP level 5. HP: 26/26 MP: 6/6
  2421 | D:5      | Entered Level 5 of the Dungeon
  2448 | D:5      | Found a bloodstained altar of Trog.
  2500 | D:5      | Noticed an ice beast
  2501 | D:5      | 2501 ||| ZAPPING wand of paralysis (10) at 7,-5 (ice beast;
                  | floor).
  2504 | D:5      | Killed an ice beast
  2505 | D:5      | Reached skill level 6 in Ranged Weapons
  2505 | D:5      | Reached XP level 6. HP: 30/30 MP: 7/7
  2515 | D:5      | Noticed Pikel
  2516 | D:5      | 2516 ||| RETREEEEATING.
  2517 | D:5      | 2517 ||| RETREEEEATING.
  2518 | D:5      | 2518 ||| RETREEEEATING.
  2521 | D:5      | 2521 ||| ZAPPING wand of paralysis (9) at 0,-5 (Pikel;
                  | floor).
  2522 | D:5      | 2522 ||| ZAPPING wand of paralysis (8) at 0,-4 (Pikel;
                  | floor).
  2532 | D:5      | 2532 ||| RETREEEEATING.
  2534 | D:5      | 2534 ||| RETREEEEATING.
  2535 | D:5      | 2535 ||| RETREEEEATING.
  2536 | D:5      | 2536 ||| FLEEEEING.
  2537 | D:5      | 2537 ||| FLEEEEING.
  2538 | D:5      | 2538 ||| FLEEEEING.
  2540 | D:5      | 2540 ||| FLEEEEING.
  2541 | D:5      | 2541 ||| FLEEEEING.
  2542 | D:5      | 2542 ||| FLEEEEING.
  2543 | D:5      | 2543 ||| FLEEEEING.
  2544 | D:5      | 2544 ||| FLEEEEING.
  2545 | D:5      | 2545 ||| FLEEEEING.
  2546 | D:5      | 2546 ||| FLEEEEING.
  2548 | D:5      | 2548 ||| FLEEEEING.
  2550 | D:5      | 2550 ||| FLEEEEING.
  2551 | D:5      | 2551 ||| FLEEEEING.
  2552 | D:5      | 2552 ||| STAIRDANCE
  2586 | D:5      | 2586 ||| STAIRDANCE
  2588 | D:4      | 2588 ||| ZAPPING wand of paralysis (7) at 0,-1 (Pikel;
                  | floor).
  2589 | D:4      | 2589 ||| ZAPPING wand of paralysis (6) at 0,-1 (Pikel;
                  | floor).
  2590 | D:4      | 2590 ||| ZAPPING wand of paralysis (5) at 0,-1 (Pikel;
                  | floor).
  2591 | D:4      | Killed Pikel
  2591 | D:4      | Reached * piety under Okawaru
  2591 | D:4      | Reached ** piety under Okawaru
  2592 | D:4      | Reached skill level 8 in Dodging
  2592 | D:4      | Reached XP level 7. HP: 28/35 MP: 8/8
  2662 | D:5      | Reached skill level 1 in Invocations
  2774 | D:5      | Found a radiant altar of Vehumet.
  3044 | D:5      | Found a shimmering blue altar of Sif Muna.
  3222 | D:6      | Found a sacrificial altar of Ru.
  3248 | D:6      | HP: 3/35 [gnoll/+0 whip[a gnoll bouda] (9)]
  3249 | D:6      | 3249 ||| READING 2 scrolls of teleportation.
  3249 | D:6      | HP: 1/35 [gnoll/+0 whip[a gnoll bouda] (3)]
  3253 | D:6      | 3253 ||| READING scroll of teleportation.
  3255 | D:6      | Slain by a gnoll

Levels and vault maps discovered:
D:1:      dpeg_arrival_castle, layout_basic, chequers_ecumenical_altar_simple
D:2:      minmay_evil_eye, layout_rooms, basic_altar, interstate_on_off,
          grunt_decor_one_mirror, uniq_terence
D:3:      layout_loops_ring, serial_bayou_ford_a, dk_noncrumbling_4,
          small_statue_intersection, hex_large
D:4:      layout_cave_pools, mainiacjoe_overflow_cross_hatched, temple_green,
          minmay_misc_feat_x
D:5:      layout_rooms, mainiacjoe_overflow_24_doors, nicolae_vehumet_radiance,
          kennysheep_orc_sif_temple, serial_bayou, serial_bayou_shore_a,
          serial_bayou_pond_e, serial_bayou_pond_b, serial_bayou_lake_a,
          uniq_pikel
D:6:      layout_layer_cave, mainiacjoe_overflow_boulevard,
          minmay_misc_feat_rugged
Temple:   nicolae_temple_no_exploring_needed

Skill      XL: |  1  2  3  4  5  6  7 |
---------------+----------------------+-----
Dodging        | 3 4 5 8 |  8.9
Ranged Weapons | 5 6 |  6.7
Fighting       | 2 |  2.2
Invocations    | 1 |  1.7
Stealth        | |  1.5

Action                     |  1- 3 |  4- 6 |  7- 9 || total
---------------------------+-------+-------+-------++-------
   Fire: Shortbow          |    90 |    76 |    47 ||   213
  Evoke: Wand              |       |     6 |       ||     6
    Use: Scroll            |     8 |     5 |     2 ||    15
         Potion            |       |     1 |       ||     1
 Armour: Robe              |    10 |     7 |    14 ||    31
  Dodge: Dodged            |    32 |    30 |    47 ||   109
  Block: Other             |       |     8 |    11 ||    19

Table legend:
 A = Non-vault XP
 B = Vault XP
 C = Vault XP percentage of total XP
 D = Non-vault monster count
 E = Vault monster count
 F = Vault count percentage of total count
                 A         B        C        D         E       F
            +---------+---------+-------+---------+---------+-------
      Total |     523 |     783 |  60.0 |      62 |      11 |  15.1
            +---------+---------+-------+---------+---------+-------
        D:1 |      21 |       0 |   0.0 |      14 |       0 |   0.0
        D:2 |      30 |      41 |  57.7 |      16 |       6 |  27.3
        D:3 |      53 |       0 |   0.0 |      16 |       0 |   0.0
        D:4 |      64 |     663 |  91.2 |       5 |       1 |  16.7
        D:5 |     274 |      79 |  22.4 |       7 |       4 |  36.4
        D:6 |      81 |       0 |   0.0 |       4 |       0 |   0.0
            +---------+---------+-------+---------+---------+-------
